 Dungeon Crawl Stone Soup version 0.31.0-11-ge490571c62 (webtiles) character file.

Game seed: 1916093703087890011

14469540 RepoMan the Oni Ballista (level 27, 323/323 HPs)
             Began as an Oni Warper on Feb 3, 2024.
             Was the Champion of Okawaru.
             Escaped with the Orb
             ... and 15 runes on Feb 7, 2024!
             The game lasted 10:46:04 (109462 turns).

RepoMan the Oni Ballista (Oni Warper)             Turns: 109462, Time: 10:46:05

Health: 323/323    AC: 38    Str: 33    XL:     27
Magic:  63/63      EV: 17    Int: 12    God:    Okawaru [******]
Gold:   10738      SH:  0    Dex: 22    Spells: 49/80 levels left

rFire   + + +        w - +9 giant spiked club (heavy)
rCold   + + +        (shield currently unavailable)
rNeg    + . .        q - +12 gold dragon scales
rPois   +            F - +0 hat of Complete Protection {rC+++ Regen+ Str-3}
rElec   +            Q - scarf {rC+ rF+}
rCorr   .            (gloves unavailable)
SInv    .            (boots unavailable)
Will    +++++        e - amulet of the Four Winds {rN+ Will+++ Clar} Stlth
                     V - ring of Satisfaction {^Drain rF+ rC+ Str+5}
HPRegen 1.53/turn    f - ring "Nover" {rElec MP+9 Str+6}
MPRegen 0.38/turn

%: clarity
@: confused, ambrosia-drunk, studying 2 skills
A: large, unfitting armour, horns 1, tough skin 1, double potion healing,
drunken brawling, agile 2
0: Orb of Zot
}: 15/15 runes: decaying, serpentine, slimy, silver, golden, iron, obsidian,
icy, bone, abyssal, demonic, glowing, magical, fiery, dark
a: Renounce Religion, Heroism, Finesse, Duel


You escaped.
You worshipped Okawaru.
Okawaru was exalted by your worship.
You visited 18 branches of the dungeon, and saw 88 of its levels.
You visited Pandemonium 4 times, and saw 21 of its levels.
You visited the Abyss 3 times.
You visited 2 ziggurats, and saw 10 of their levels (deepest: 7).
You also visited: Trove, Bailey, Gauntlet and Ice Cave.

You collected 16148 gold pieces.
You spent 5410 gold pieces at shops.

Inventory:

Hand Weapons
 a - the +8 longbow "Zephyr" {speed, Dex+3 SInv}
   (You found it on level 7 of the Iron City of Dis)

   Dex+3:     It affects your dexterity (+3).
   SInv:      It lets you see invisible.
 c - the +8 frozen axe "Frostbite" {freeze, freezing cloud, *Noise Fly rC+}
   (You bought it in a shop on level 2 of the Elven Halls)

   rC+:       It protects you from cold.
   Fly:       It grants you flight.
   *Noise:    It may make a loud noise when swung.
 w - a +9 heavy giant spiked club (weapon)
 D - the +13 sceptre of Asmodeus
   (You took it off Asmodeus on level 7 of Gehenna)

   Fire Summon: It may summon demons of flame and damnation when striking foes.
Missiles
 h - 21 silver javelins
 p - 135 large rocks (quivered)
Armour
 k - the +4 dragonskin cloak
   (You took it off Tiamat on level 3 of the Realm of Zot)

   Avatar's Aegis: It grants the wearer a chance to resist fire, cold, poison,
   electricity, acid, and negative energy.
 q - +12 gold dragon scales (worn)
 B - the +12 shadow dragon scales "Suazi" {rPois Stlth++++}
   (You acquired it on level 5 of a ziggurat)

   rPois:     It protects you from poison Stlth++++: It makes you much more
   stealthy.
 F - the +0 hat of Complete Protection (worn) {rC+++ Regen+ Str-3}
   (You found it in a treasure trove)

   Str-3:     It affects your strength (-3).
   rC+++:     It renders you almost immune to cold.
   Regen+:    It increases your rate of health regeneration.
 Q - a scarf of resistance (worn)
 U - a +2 cloak of preservation
Jewellery
 e - the amulet of the Four Winds (around neck) {rN+ Will+++ Clar}
   (You took it off a deep elf demonologist on level 3 of the Elven Halls)

   [amulet of nothing]

   rN+:       It protects you from negative energy.
   Will+++:   It greatly increases your willpower.
   Clar:      It protects you from confusion, rage, mesmerisation and fear.
 f - the ring "Nover" (right hand) {rElec MP+9 Str+6}
   (You found it on level 7 of Gehenna)

   [ring of strength]

   Str+6:     It affects your strength (+6).
   rElec:     It insulates you from electricity.
   MP+9:      It affects your magic capacity (+9).
 o - the ring "Olashrio" {Ice rElec Str+4 Stlth+}
   (You took it off Josephina on level 4 of the Realm of Zot)

   [ring of ice]

   Ice:       It enhances your ice magic.
   Str+4:     It affects your strength (+4).
   rF-:       It makes you vulnerable to fire.
   rC+:       It protects you from cold.
   rElec:     It insulates you from electricity.
   Stlth+:    It makes you more stealthy.
 r - the ring of Lust {rC+ rN+++ Str-2 Slay-2 SInv}
   (You found it in an ice cave)

   [ring of protection from cold]

   Str-2:     It affects your strength (-2).
   Slay-2:    It affects your accuracy & damage with ranged weapons and melee
   (-2).
   rC+:       It protects you from cold.
   rN+++:     It renders you almost immune to negative energy.
   SInv:      It lets you see invisible.
 s - the ring "Xaushosm" {Fly rN++ rCorr Str+6 Int-2}
   (You found it on level 5 of the Vaults)

   [ring of strength]

   Str+6:     It affects your strength (+6).
   Int-2:     It affects your intelligence (-2).
   rN++:      It greatly protects you from negative energy.
   Fly:       It grants you flight.
   rCorr:     It protects you from acid and corrosion.
 v - the ring of the Hare {EV+10}
   (You found it on level 7 of Cocytus)

   [ring of evasion]

   EV+10:     It affects your evasion (+10).
 P - the ring of the Mage {Wiz Archmagi}
   (You found it on level 7 of the Iron City of Dis)

   [ring of wizardry]

   Wiz:       It improves your spell success rate.
   Archmagi:  It increases the power of your magical spells.
 T - an amulet of magic regeneration
 V - the ring of Satisfaction (left hand) {^Drain rF+ rC+ Str+5}
   (You acquired it on level 2 of the Snake Pit)

   [ring of protection from cold]

   Str+5:     It affects your strength (+5).
   rF+:       It protects you from fire.
   rC+:       It protects you from cold.
   ^Drain:    It drains your maximum health when unequipped.
Talismans
 O - a talisman of death
Wands
 C - a wand of iceblast (50)
 M - a wand of quicksilver (76)
 Z - a wand of digging (6)
Scrolls
 b - a scroll of blinking
 i - 4 scrolls of fear
 m - 11 scrolls of teleportation
 n - 12 scrolls of vulnerability
 u - 7 scrolls of fog
 y - 2 scrolls of revelation
 A - 4 scrolls of immolation
 E - 7 scrolls of poison
 N - 3 scrolls of brand weapon
 S - 3 scrolls of silence
Potions
 d - 3 potions of lignification
 j - 9 potions of mutation
 l - 8 potions of enlightenment
 t - a potion of magic
 x - 6 potions of cancellation
 G - 4 potions of might
 I - a potion of haste
 J - 6 potions of resistance
 L - 2 potions of ambrosia
 R - 4 potions of berserk rage
 W - 8 potions of curing
 X - 2 potions of heal wounds
 Y - 3 potions of invisibility
Miscellaneous
 z - a lightning rod (4/4)
 H - a phial of floods


   Skills:
 O Level 27 Fighting
 + Level 11.3(20.8) Axes
 O Level 27 Maces & Flails
 O Level 27 Throwing
 + Level 24.6 Armour
 + Level 18.7 Dodging
 O Level 27 Spellcasting
 - Level 21.1 Translocations
 - Level 4.4 Air Magic
 - Level 16.6 Invocations
 - Level 23.3 Shapeshifting


You had 49 spell levels left.
You knew the following spells:

 Your Spells              Type           Power      Damage    Failure   Level
a - Manifold Assault      Tloc           61%        N/A       1%          4
b - Blink                 Tloc           100%       N/A       0%          2
c - Teleport Other        Tloc           61%        N/A       0%          3
l - Lesser Beckoning      Tloc           100%       N/A       0%          2
m - Iskenderun's Mystic   Conj/Tloc      41%        2d9       1%          4
v - Vhi's Electric Charg  Tloc/Air       92%        N/A       1%          4
G - Passage of Golubria   Tloc           61%        N/A       1%          4
J - Disjunction           Tloc           30%        N/A       13%         8

Your spell library contained the following spells:

 Spells                   Type           Power      Damage    Failure   Level
 Gell's Gravitas          Tloc           61%        N/A       0%          3
 Momentum Strike          Conj/Tloc      82%        3d10      1%          2
 Volatile Blastmotes      Fire/Tloc      82%        2d16      1%          3
 Dimensional Bullseye     Hex/Tloc       20%        N/A       1%          4
 Shock                    Conj/Air       84%        1d8       4%          1
 Swiftness                Air            26%        N/A       6%          3
 Mercury Vapours          Alch/Air       42%        N/A       7%          2
 Static Discharge         Conj/Air       42%        3-5/arc   7%          2
 Cigotuvi's Dreadful Rot  Necr/Alch/Air  38%        N/A       10%         2
 Foxfire                  Conj/Fire      64%        2x1d7     12%         1
 Kiss of Death            Conj/Necr      64%        2d10      12%         1
 Magic Dart               Conj           64%        1d6       12%         1
 Necrotise                Necr           64%        1d7       12%         1
 Ensorcelled Hibernation  Hex/Ice        32%        N/A       17%         2
 Jinxbite                 Hex            32%        N/A       17%         2
 Scorch                   Fire           32%        2d6       17%         2
 Searing Ray              Conj           32%        2d5       17%         2
 Sublimation of Blood     Necr           16%        N/A       17%         2
 Mephitic Cloud           Conj/Alch/Air  19%        N/A       19%         3
 Airstrike                Air            13%        2d(2-18)  19%         4
 Confusing Touch          Hex            16%        N/A       34%         3
 Frozen Ramparts          Ice            32%        1d5       34%         3
 Fugue of the Fallen      Necr           16%        N/A       34%         3
 Hailstorm                Conj/Ice       16%        3d6       34%         3
 Inner Flame              Hex/Fire       16%        N/A       34%         3
 Ozocubu's Armour         Ice            16%        N/A       34%         3
 Passwall                 Erth           16%        N/A       34%         3
 Stone Arrow              Conj/Erth      32%        3d9       34%         3
 Anguish                  Hex/Necr       8%         N/A       75%         4
 Brom's Barrelling Bould  Conj/Erth      16%        2d4       75%         4
 Cause Fear               Hex            8%         N/A       75%         4
 Dispel Undead            Necr           16%        3d10      75%         4
 Flame Wave               Conj/Fire      16%        2d7       75%         4
 Fulminant Prism          Conj/Alch      8%         3d7       75%         4
 Ignite Poison            Fire/Alch      16%        N/A       75%         4
 Leda's Liquefaction      Alch/Erth      8%         N/A       75%         4
 Olgreb's Toxic Radiance  Alch           16%        N/A       75%         4
 Petrify                  Alch/Erth      16%        N/A       75%         4
 Sticky Flame             Fire/Alch      16%        2d5       75%         4
 Arcjolt                  Conj/Air       10%        1d20      78%         5
 Silence                  Hex/Air        10%        N/A       78%         5
 Freezing Cloud           Conj/Ice/Air   9%         6-21      87%         5
 Borgnjor's Vile Clutch   Necr/Erth      8%         N/A       97%         5
 Fireball                 Conj/Fire      8%         3d6       97%         5
 Irradiate                Conj/Alch      8%         3d14      97%         5
 Iskenderun's Battlesphe  Conj           16%        2d7       97%         5
 Metabolic Englaciation   Hex/Ice        8%         N/A       97%         5
 Yara's Violent Unravell  Hex/Alch       8%         3d5       97%         5
 Bombard                  Conj/Erth      8%         9d2       100%        6
 Conjure Ball Lightning   Conj/Air       10%        3x3d6     100%        6
 Eringya's Noxious Bog    Alch           8%         4d6       100%        6
 Starburst                Conj/Fire      8%         6d4       100%        6
 Enfeeble                 Hex            8%         N/A       100%        7
 Orb of Destruction       Conj           8%         9d6       100%        7
 Ozocubu's Refrigeration  Ice            8%         4d9       100%        7
 Borgnjor's Revivificati  Necr           8%         N/A       100%        8
 Discord                  Hex            8%         N/A       100%        8
 Ignition                 Fire           8%         3d5       100%        8
 Lehudib's Crystal Spear  Conj/Erth      8%         10d3      100%        8
 Maxwell's Capacitive Co  Air            13%        ∞         100%        8
 Death's Door             Necr           8%         N/A       100%        9
 Fire Storm               Conj/Fire      8%         8d2       100%        9
 Polar Vortex             Ice            8%         12d1*     100%        9
 Summon Forest            Summ/Tloc      Unusable   N/A       N/A         5
 Summon Ice Beast         Ice/Summ       Unusable   N/A       N/A         3
 Tukima's Dance           Hex            Unusable   N/A       N/A         3
 Summon Lightning Spire   Summ/Air       Unusable   N/A       N/A         4
 Animate Armour           Summ/Erth      Unusable   N/A       N/A         4
 Animate Dead             Necr           Unusable   N/A       N/A         4
 Sculpt Simulacrum        Ice/Alch       Unusable   N/A       N/A         6
 Summon Cactus Giant      Summ           Unusable   N/A       N/A         6
 Spellforged Servitor     Conj/Summ      Unusable   N/A       N/A         7
 Summon Hydra             Summ           Unusable   N/A       N/A         7
 Infestation              Necr           Unusable   N/A       N/A         8

Dungeon Overview and Level Annotations

Branches:
Dungeon (15/15)            Temple (1/1) D:5            Lair (5/5) D:9
  Swamp (4/4) Lair:2        Snake (4/4) Lair:2        Slime (5/5) Lair:4
    Orc (2/2) D:11            Elf (3/3) Orc:2        Vaults (5/5) D:13
  Crypt (3/3) Vaults:3       Tomb (3/3) Crypt:3      Depths (4/4) D:15
   Hell (visited)             Dis (7/7) Hell            Geh (7/7) Hell
    Coc (7/7) Hell            Tar (7/7) Hell            Zot (5/5) Depths:4
 Bailey (visited)           IceCv (visited)         Gauntlet (visited)

Altars:
Ashenzari
Cheibriados
Dithmenos
Elyvilon
Fedhas
Gozag
Hepliaklqana
Kikubaaqudgha
Makhleb
Nemelex Xobeh
Okawaru
Qazlal
Ru
Sif Muna
Trog
Uskayaw
Vehumet
Wu Jian
Xom
Yredelemnul
Zin
The Shining One
Jiyva
Lugonu

Shops:
D:1 *   D:9 [   D:10 *   D:13 !   Orc:2 :*?!   Elf:1 *   Elf:2 (:[[
Vaults:4 (   Depths:1 :

Portals:
Hell: Lair:5 Depths:1 Depths:2 Depths:3 Depths:4
Abyss: Depths:3
Pandemonium: Depths:2

Annotations:
Swamp:3 1 runed translucent door, Borsukrates's ghost, adept HOAr
Snake:4 5 runed translucent doors
Elf:2 3 runed translucent doors
Zot:3 1 runed translucent door, exclusion: downstairs, Sebriys's ghost, legendary TrBe


Innate Abilities, Weirdness & Mutations

You are too large for most types of armour.
You have a pair of small horns on your head.
You have tough skin. (AC +1)
You gain doubled healing and magic from potions.
Whenever you drink a healing potion, you attack all around you.
You are very agile. (Dex +8, Str/Int -2)


Message History

Confirm with . or Enter, or press ? or * to list all spells.
Space momentarily warps into an impossible shape!
You flatten the orange demon like a pancake!!!!
You kill the orange demon!
Okawaru accepts your kill.
You spit the orange demon like a pig!!!!
You kill the orange demon!
Okawaru accepts your kill.
An Orb Guardian comes into view.
The Orb Guardian hits you but does no damage.
The Orb Guardian attacks as it pursues you!
The Orb Guardian barely misses you.
There is an open door here.
You perforate the Orb Guardian like a sieve!!!!!
You kill the Orb Guardian!
Okawaru accepts your kill.
There is a stone staircase leading up here.
You climb upwards.
There is a stone staircase leading down here.
Magic restored.
There is a stone staircase leading up here.
You climb upwards.
There is a stone staircase leading down here.
There is an open door here.
An ice devil comes into view.
There is an open door here.
Casting: Manifold Assault (safe; 1% risk of failure)
Confirm with . or Enter, or press ? or * to list all spells.
Space momentarily warps into an impossible shape!
You beat the ice devil like a drum!!!!
You kill the ice devil!
Okawaru accepts your kill.
Magic restored.
Blink to where?
Press: ? - help, Dir - move target
As you read the scroll of blinking, it crumbles to dust.
You are confused.
You savour every drop.
You feel invigorated.
In your confused state, you trip and fall back down the stairs.
You have escaped!

..## ####.# #.###......# ##..
...## ###.##.# #.# #......# ##...
....###......###.####.....###....
....'...###.#...............+....
....###.# #.##.###.###.#.#.#.#.#.
...## #.###.#.#.#.#...#.#.#.#.#.#
..## ##......#.#.#.#####.#.#.#.#.
.## #......#.#.#.#.# #.#.#.#.#.#
## #.##.#..#.#@#.## ##.#.#÷#.#. #
#.##..##.#.#.#.###.#.#.#.#.#
######.##.##.#.#.#.##..#.#.#.#.#.
...........##.#.#.#...#.#.#.#.#.#
.####.#####..#.#.#.#####.#.#.#.#.
..# #.# #.##########..#.#.#.#.#
..###.#####.# #...#.#.#.#.#.
#...........# #.##.#.#.#.#.#
#####.####### #.###.....####


There were no monsters in sight!

Vanquished Creatures
  Cerebov (Pan)
  Antaeus (Coc:7)
  Asmodeus (Geh:7)
  the Royal Jelly (Slime:5)
  Ereshkigal (Tar:7)
  Mnoleg (Pan)
  Lom Lobon (Pan)
  Gloorx Vloq (Pan)
  the Serpent of Hell (Geh:7)
  9 dread liches
  Khufu (Crypt:3)
  Tiamat (Zot:3)
  Dispater (Dis:7)
  6 orbs of fire
  Mennas (Pan)
  6 ancient liches
  Mara (Depths:1)
  4 juggernauts
  Xtahua (Crypt:3)
  30 royal mummies
  Boris (Depths:1)
  Josephina (Zot:4)
  28 shard shrikes
  Vashnia (Snake:4)
  Bai Suzhen (Vaults:5)
  13 Killer Klowns
  Margery (Vaults:3)
  3 curse toes
  17 caustic shrikes
  Geryon (Hell)
  11 profane servitors
  Nikola (Snake:1)
  13 golden dragons
  The ghost of Esecs the Devastator, a veteran GrEE of Lugonu (Crypt:1)
  Jory (Depths:3)
  8 pandemonium lords
  15 Brimstone Fiends
  25 bone dragons
  2 electric golems (Zot:5)
  Rupert (D:13)
  18 Tzitzimimeh
  12 iron giants
  18 Hell Sentinels
  17 doom hounds
  13 Ice Fiends
  6 hellephants
  30 Orb Guardians
  Jorgrun (Orc:1)
  2 shard shrike zombies
  19 tentacled monstrosities
  2 walking earthen tomes (Depths:3)
  13 liches
  A walking frostbound tome (Depths:3)
  17 tainted leviathans
  13 searing wretches
  14 titans
  2 deep elf master archers (Elf:3)
  18 acid blobs
  A deep elf blademaster (Elf:3)
  5 tentacled starspawn
  27 ancient champions
  5 quicksilver dragons
  14 sphinxes
  5 death cobs
  The ghost of Qonatetz the Victor of a Thousand Battles, an adept DsGl of Okawaru (Depths:2)
  14 shadow dragons
  3 thorn hunters (Swamp:4)
  30 Executioners
  5 tengu reavers (Vaults:5)
  12 protean progenitors
  15 storm dragons
  Kirke (D:12)
  Aizul (Snake:1)
  13 demonspawn warmongers
  4 nagarajas
  6 revenants
  8 draconian monks
  13 draconian knights
  9 rockslimes
  17 fire giants
  8 deep elf sorcerers
  12 frost giants
  9 azure jellies
  6 draconian shifters
  3 fenstrider witches (Swamp:2)
  A daeva (Pan)
  4 iron dragons
  3 draconian scorchers
  8 narguns
  6 quicksilver elementals
  12 vault wardens
  A ghost moth (Zig:2)
  Louise (Snake:3)
  45 balrugs
  A spectral juggernaut (Depths:2)
  7 deep elf elementalists (Elf:3)
  9 shard shrike simulacra
  An angel (Pan)
  38 cacodemons
  4 curse skulls
  2 orc warlords
  2 juggernaut zombies
  9 demonspawn blood saints (Pan)
  2 spectral caustic shrikes (Tar:1)
  6 demonspawn corrupters (Pan)
  5 ghouls
  5 spriggan defenders
  8 formless jellyfish
  34 reapers
  38 very ugly things
  7 draconian annihilators
  9 draconian stormcallers
  26 ironbound preservers
  4 juggernaut skeletons (Pan)
  10 quicksilver oozes
  12 ironbound thunderhulks
  2 broodmothers (Pan)
  7 deep elf annihilators
  14 caustic shrike skeletons
  15 stone giants
  18 putrid mouths
  6 demonspawn black suns (Pan)
  10 vampire knights
  An eleionoma (Swamp:1)
  19 lorocyprocas
  25 elemental wellsprings
  18 green draconians
  12 deep elf death magi
  7 dire elephants
  3 bunyips
  16 purple draconians
  A minotaur (Gauntlet)
  6 bennus
  30 war gargoyles
  20 yellow draconians
  4 deep elf demonologists
  13 spark wasps
  17 wendigos
  14 red draconians
  Azrael (Snake:1)
  12 black draconians
  9 white draconians
  10 green deaths (Pan)
  16 eidola
  10 ettins
  2 crystal guardians
  27 iron golems
  11 jiangshi
  8 blizzard demons
  A spectral fenstrider witch (Tar:1)
  3 fire dragons
  A quicksilver dragon zombie (Crypt:3)
  19 mummy priests
  2 merfolk impalers (Crypt:1)
  2 entropy weavers
  2 spectral spriggans
  2 merfolk javelineers (Crypt:1)
  15 yaktaur captains
  6 spriggan zombies
  2 quicksilver dragon skeletons
  6 deep elf high priests
  12 great orbs of eyes
  33 vault guards
  Erolcha (D:13)
  10 caustic shrike simulacra
  2 ghost crabs
  5 peacekeepers
  13 salamander tyrants
  A merfolk avatar (Abyss:4)
  4 alligators
  4 hell beasts
  19 hydras
  7 rakshasas
  9 anacondas
  2 catoblepae (Zot:3)
  22 centaur warriors
  19 ice dragons
  A spectral shadow dragon (Depths:2)
  An elf skeleton (Tomb:2)
  2 spriggan air magi
  4 stokers
  2 death knights
  2 ogre magi
  4 spriggan skeletons
  13 juggernaut simulacra
  8 ironbound frosthearts
  A merfolk aquamancer (Pan)
  3 jorogumos
  8 death yaks
  9 naga warriors
  2 satyrs (Zot:4)
  A sphinx zombie (Crypt:2)
  7 boulder beetles
  13 dancing weapons
  7 two-headed ogres
  12 shock serpents
  36 hell hogs
  39 death scarabs
  6 deep troll earth magi
  8 deep troll shamans
  5 tengu warriors
  A bennu skeleton (Crypt:1)
  5 spriggan berserkers
  2 spectral nagas
  12 vampire magi
  An orc high priest (Orc:2)
  5 occultists
  A thrashing horror (Abyss:4)
  2 spectral storm dragons
  17 naga sharpshooters
  6 demonic crawlers
  11 hell knights
  10 deep elf knights
  7 hellephant skeletons (Pan)
  A titan skeleton (Geh:4)
  Sonja (D:13)
  32 soul eaters
  2 titan zombies
  A storm dragon zombie (Crypt:3)
  2 wretched stars (Abyss:3)
  A shock serpent (shapeshifter) (Zig:4)
  39 sixfirhies
  4 skysharks (Lair:5)
  82 sun demons
  A fire crab (Lair:5)
  5 crystal echidnas
  7 iron trolls
  A spatial maelstrom (Abyss:3)
  Lodul (D:12)
  10 salamander mystics
  22 skeletal warriors
  26 shadow wraiths
  An iron giant zombie (Tar:7)
  10 mana vipers
  A bunyip zombie (Crypt:3)
  2 death drakes
  70 deep trolls
  5 goliath frogs
  10 quicksilver dragon simulacra
  A deep troll (shapeshifter) (Depths:4)
  A spectral anaconda (Tar:1)
  26 shadow demons
  4 spriggan druids
  3 anaconda zombies
  12 swamp dragons
  An orb spider (shapeshifter) (Vaults:5)
  6 flayed ghosts
  A golden dragon skeleton (Crypt:3)
  7 sun moths (Pan)
  10 naga ritualists
  6 spriggan simulacra
  7 glowing orange brains
  A spectral hydra (Tar:3)
  4 arcanists
  An iron giant skeleton (Tar:7)
  6 bog bodies
  8 starcursed masses
  4 deep elf archers
  2 fenstrider witch simulacra
  A cherub (Pan)
  A steelbarb worm (shapeshifter) (Depths:3)
  12 orc knights
  22 ironbound convokers
  4 harpies (Vaults:1)
  An iron dragon zombie (Crypt:2)
  52 ugly things
  20 phantasmal warriors
  26 lindwurms
  23 deep elf zephyrmancers
  22 deep elf pyromancers
  A stone giant zombie (Crypt:3)
  Maurice (Orc:2)
  22 necromancers
  A shining eye (shapeshifter) (Vaults:2)
  2 sphinx simulacra (Depths:2)
  A fire giant zombie (Vaults:1)
  27 salamanders
  2 wolf spiders (shapeshifter)
  4 wolf spiders
  4 cyclopes
  8 orc sorcerers
  2 iron dragon skeletons
  2 oklob plants
  5 shining eyes
  A jorogumo skeleton (Crypt:2)
  3 manticores
  A will-o-the-wisp (Abyss:4)
  A spectral centaur (Tar:1)
  A cyclops (shapeshifter) (Vaults:5)
  3 meliai (D:14)
  3 dire elephant zombies
  16 moths of wrath
  3 rust devils (Hell)
  2 spectral ettins
  21 elephants
  Joseph (D:7)
  A black mamba (shapeshifter) (Elf:2)
  5 molten gargoyles (Geh:7)
  A fire giant skeleton (Geh:4)
  38 black mambas
  An ice statue (IceCv)
  5 kobold blastminers
  18 cane toads
  24 naga magi
  2 centaur zombies
  4 dire elephant skeletons
  3 guardian serpents
  53 smoke demons
  A gargoyle (D:14)
  A titan simulacrum (Coc:3)
  A torpor snail (Lair:4)
  38 large abominations
  A storm dragon simulacrum (Zot:4)
  5 eyes of devastation
  19 vault sentinels
  42 orange demons
  2 unseen horrors
  A shock serpent skeleton (Crypt:2)
  A centaur skeleton (Tomb:2)
  4 rime drakes
  9 komodo dragons
  An orb spider zombie (Crypt:1)
  A rime drake (shapeshifter) (D:13)
  5 efreet
  2 kobold demonologists (D:13)
  A sea snake zombie (Crypt:2)
  27 hellions
  2 bunyip simulacra
  29 yaktaurs
  3 ancient zymes
  10 freezing wraiths
  An iron giant simulacrum (Coc:1)
  29 tormentors
  7 anaconda simulacra
  4 ice devils
  4 tengu conjurers
  A silent spectre (Tar:4)
  3 spectral glowing shapeshifters (Depths:2)
  3 red devils
  4 golden dragon simulacra
  43 guardian mummies
  A ghost moth simulacrum (Zot:4)
  A yellow draconian skeleton (Crypt:1)
  A queen bee (Orc:1)
  8 trolls
  18 polar bears
  4 tarantellas (Pan)
  37 hellwings
  2 hydra skeletons
  12 hornets
  18 blink frogs
  6 harpy zombies
  An ice dragon zombie (Crypt:1)
  9 raiju
  4 harpy skeletons
  14 tyrant leeches
  2 fire dragon zombies
  6 saltlings (Orc:2)
  3 glass eyes
  3 dream sheep (Lair:4)
  An iron dragon simulacrum (Depths:2)
  A stone giant simulacrum (Coc:3)
  Sigmund (D:2)
  2 ettin zombies
  88 slime creatures
  A spriggan (shapeshifter) (D:14)
  3 air elementals (Elf:2)
  3 jumping spiders
  An ettin skeleton (Tar:7)
  16 wraiths
  38 ynoxinuls
  15 water elementals
  10 dire elephant simulacra
  77 yaks
  28 ushabtiu
  13 spriggans
  22 humans
  A black mamba zombie (Crypt:1)
  2 shadows
  7 fire elementals
  A fire bat (shapeshifter) (Depths:1)
  A slime creature zombie (Crypt:1)
  6 basilisks
  6 wyverns
  8 golden eyes
  5 hogs (D:12)
  6 wargs
  A human simulacrum (Vaults:1)
  10 vampire mosquitoes
  21 neqoxecs
  3 redbacks
  43 chaos spawn
  An alligator snapping turtle simulacrum (Coc:3)
  50 nagas
  A two-headed ogre zombie (Crypt:1)
  A minotaur simulacrum (Coc:1)
  25 harpy simulacra
  A swamp worm (shapeshifter) (Depths:2)
  2 spatial vortices (Abyss:3)
  6 acid dragons
  A small abomination (Abyss:3)
  Edmund (D:6)
  9 hell hounds
  16 swamp worms
  18 water moccasins
  2 naga skeletons
  4 hydra simulacra
  2 naga zombies
  3 moth of wrath simulacra (Zot:4)
  8 swamp drakes
  2 two-headed ogre skeletons
  6 black bears
  3 ice beasts
  28 orc warriors
  2 sky beasts
  8 ettin simulacra
  35 laughing skulls
  13 ogres
  4 boggarts (Vaults:1)
  14 wolves
  11 centaurs
  A phantom (D:7)
  A swamp dragon skeleton (Crypt:1)
  A torpor snail zombie (Crypt:2)
  A draconian zombie (Crypt:1)
  3 kobold brigands (D:9)
  10 bullfrogs
  A necrophage (Crypt:1)
  4 scorpions
  A human skeleton (Vaults:1)
  4 naga simulacra
  3 earth elementals
  4 wyvern skeletons (Crypt:3)
  19 killer bees
  5 electric eels
  A crimson imp (Pan)
  4 hounds
  8 jellies
  2 bombardier beetles (D:6)
  A jelly (shapeshifter) (Vaults:5)
  11 orc priests
  An iguana (Lair:2)
  A gnoll bouda (D:9)
  3 sleepcaps
  18 orc wizards
  12 hell rats
  A scorpion zombie (Crypt:2)
  46 mummies
  8 gnolls
  4 adders
  A shadow imp (D:6)
  An adder skeleton (Crypt:1)
  2 dart slugs (D:2)
  3 ribbon worms
  71 orcs
  6 bats
  9 endoplasms
  3 giant cockroaches
  11 goblins
  10 hobgoblins
  2 jackals (D:1)
  2 quokkas
  7 ball pythons
  5 frilled lizards
  16 kobolds
  13 rats
  7 aspiring fleshes
  5 ball lightnings (Pan)
  4 creeping infernos
  8 fire vortices
  A lurking horror (Abyss:4)
  4 starspawn tentacles
4348 creatures vanquished.

Vanquished Creatures (others)
  4 eldritch tentacles
  A draconian knight (Zot:5)
  2 shard shrike simulacra
  A demonspawn blood saint (Pan)
  A green death (Pan)
  2 stokers
  2 naga warriors
  A hell knight (Depths:2)
  A sixfirhy (Depths:4)
  An orange demon (Pan)
  An ice devil (Hell)
  An iron giant simulacrum (Coc:2)
  A hornet (Swamp:1)
  A spriggan (Swamp:1)
  3 dire elephant simulacra
  2 harpy simulacra (Coc:3)
  A naga (Snake:2)
  A hell rat (Lair:5)
  A ball lightning (Pan)
  A creeping inferno (Hell)
  2 fire vortices (Geh:5)
  2 foxfires (Abyss:4)
  4 starspawn tentacles
37 creatures vanquished.

Grand Total: 4385 creatures vanquished

Notes
Turn   | Place    | Note
-------+----------+-------------------------------------------
     0 | D:1      | RepoMan the Oni Warper began the quest for the Orb.
     0 | D:1      | Reached XP level 1. HP: 22/22 MP: 3/3
   154 | D:1      | Reached XP level 2. HP: 21/31 MP: 5/5
   157 | D:1      | Learned a level 2 spell: Lesser Beckoning
   160 | D:1      | Learned a level 2 spell: Blink
   389 | D:1      | Found Buedis's Assorted Antiques.
   568 | D:1      | Reached XP level 3. HP: 37/37 MP: 6/6
  1301 | D:2      | Noticed Sigmund
  1306 | D:2      | Killed Sigmund
  1307 | D:2      | Reached XP level 4. HP: 45/45 MP: 8/8
  1307 | D:2      | Reached XP level 5. HP: 53/53 MP: 9/9
  1371 | D:2      | Reached skill level 5 in Maces & Flails
  1427 | D:2      | Reached XP level 6. HP: 59/61 MP: 10/10
  1434 | D:2      | Found a faded altar of an unknown god.
  2070 | D:3      | Found the +9 sword of Power {lifebolt}
  3070 | D:4      | Noticed a black bear
  3085 | D:4      | Killed a black bear
  3086 | D:4      | Reached XP level 7. HP: 39/67 MP: 11/11
  3477 | D:5      | Entered Level 5 of the Dungeon
  3594 | D:5      | Noticed a yak
  3822 | D:5      | Found a staircase to the Ecumenical Temple.
  3840 | Temple   | Entered the Ecumenical Temple
  3854 | Temple   | Became a worshipper of Warmaster Okawaru
  4253 | D:6      | Reached XP level 8. HP: 70/75 MP: 12/12
  4268 | D:6      | Learned a level 4 spell: Manifold Assault
  4272 | D:6      | Learned a level 3 spell: Teleport Other
  4281 | D:6      | Noticed Edmund
  4295 | D:6      | Killed Edmund
  4295 | D:6      | Reached * piety under Okawaru
  4618 | D:6      | Reached ** piety under Okawaru
  4619 | D:6      | Reached skill level 10 in Maces & Flails
  5701 | D:1      | Bought a glowing grey potion for 22 gold pieces
  5701 | D:1      | Bought a scroll labelled UTTOKHL ZYANOGY for 25 gold pieces
  5701 | D:1      | Bought a scroll labelled TEPPORERANY for 25 gold pieces
  5857 | D:5      | Killed a yak
  5858 | D:5      | Reached XP level 9. HP: 74/83 MP: 13/13
  6337 | D:7      | Reached skill level 1 in Invocations
  6675 | D:8      | Reached *** piety under Okawaru
  6766 | D:8      | Noticed Joseph
  6772 | D:8      | Reached skill level 5 in Fighting
  6780 | D:7      | Killed Joseph
  6822 | D:8      | Reached skill level 5 in Translocations
  6829 | D:8      | Reached XP level 10. HP: 70/97 MP: 14/14
  6902 | D:8      | Reached **** piety under Okawaru
  7801 | D:9      | Noticed an elephant
  7911 | D:9      | Found a staircase to the Lair.
  7932 | D:9      | Noticed a two-headed ogre
  7950 | D:9      | Killed a two-headed ogre
  7950 | D:9      | Reached ***** piety under Okawaru
  8252 | D:9      | Identified the +1 chain mail "Nawkaulo" {*Slow Will++}
  8509 | D:9      | Killed an elephant
  8510 | D:9      | Reached skill level 5 in Invocations
  8624 | D:9      | Found Voqadoicw's Armour Boutique.
  8633 | D:9      | Bought a +0 cloak for 58 gold pieces
  8680 | D:9      | Reached XP level 11. HP: 76/109 MP: 8/15
  8754 | D:10     | Entered Level 10 of the Dungeon
  8793 | D:10     | Noticed a two-headed ogre
  8794 | D:10     | Found Jewe's Assorted Antiques.
  8798 | D:10     | Killed a two-headed ogre
  8818 | D:10     | Found a flagged portal.
  8839 | D:10     | Bought a sedimented pink potion for 31 gold pieces
  8839 | D:10     | Bought a sedimented pink potion for 31 gold pieces
  8839 | D:10     | Bought a scroll of identify for 70 gold pieces
  8876 | D:10     | Received a gift from Okawaru
  8910 | Bailey   | Entered a bailey
  9101 | Bailey   | Noticed an orc knight
  9102 | Bailey   | Noticed an orc knight
  9107 | Bailey   | Killed an orc knight
  9123 | Bailey   | Killed an orc knight
  9141 | Bailey   | Noticed an orc knight
  9156 | Bailey   | Killed an orc knight
  9485 | D:10     | Found an ancient bone altar of Kikubaaqudgha.
  9496 | D:10     | Found a shadowy altar of Dithmenos.
  9677 | D:11     | Noticed a two-headed ogre
  9685 | D:11     | Killed a two-headed ogre
  9695 | D:11     | Received a gift from Okawaru
  9805 | D:11     | Found a staircase to the Orcish Mines.
 10252 | D:11     | Reached XP level 12. HP: 106/122 MP: 5/17
 10345 | D:12     | Noticed Lodul
 10440 | Lair:1   | Entered Level 1 of the Lair of Beasts
 11503 | Lair:1   | Reached ****** piety under Okawaru
 11503 | Lair:1   | Received a gift from Okawaru
 12397 | Lair:2   | Reached skill level 10 in Fighting
 12397 | Lair:2   | Reached skill level 10 in Translocations
 12554 | Lair:2   | Found a gate leading to a gauntlet.
 12586 | Lair:2   | Reached skill level 15 in Maces & Flails
 12601 | Gauntlet | Entered a Gauntlet
 12601 | Gauntlet | Found a transporter.
 12601 | Gauntlet | Found a transporter.
 12603 | Gauntlet | Found a transporter.
 12605 | Gauntlet | Found a transporter.
 12607 | Gauntlet | Noticed a death scarab
 12618 | Gauntlet | Found a transporter.
 12622 | Gauntlet | Found a transporter.
 12624 | Gauntlet | Noticed a hell beast
 12627 | Gauntlet | Noticed a hell beast
 12632 | Gauntlet | Noticed a death scarab
 12635 | Gauntlet | Found a transporter.
 12721 | Gauntlet | Found a transporter.
 12725 | Gauntlet | Found a transporter.
 12736 | Gauntlet | Found a transporter.
 12740 | Gauntlet | Found a transporter.
 12750 | Gauntlet | Found a transporter.
 12820 | Gauntlet | Acquired the +0 cloak of Qomixinn {rN+ Will+ Str+3 Dex-4}
 12820 | Gauntlet | Received a gift from Okawaru
 12845 | Gauntlet | Received a gift from Okawaru
 13083 | Gauntlet | Identified the +2 longbow "Buoduh" {antimagic, rF+ Dex+3}
 13176 | Gauntlet | Reached XP level 13. HP: 41/135 MP: 3/19
 13176 | Gauntlet | Identified the ring "Zicurch" {Fire rCorr Str+3}
 13475 | Gauntlet | Identified the +1 hat "Vetuepum" {rElec rPois Int-5}
 13496 | Gauntlet | Identified the +5 kite shield of an ossuary {rF++}
 13496 | Gauntlet | Identified the ring of Razxu {^Contam Fly rElec Int+6}
 13496 | Gauntlet | Noticed a minotaur
 13514 | Gauntlet | Killed a minotaur
 13519 | Gauntlet | Got the Directory of Rubbish
 13521 | Gauntlet | Identified the ring "Zal Zudi" {Ice Dex+6}
 13952 | Lair:2   | Found a staircase to the Snake Pit.
 14366 | Lair:2   | Found a staircase to the Swamp.
 14638 | Lair:3   | You fall into a shaft and drop 1 floor!
 14775 | Lair:4   | Found a frozen archway.
 14776 | Lair:4   | Noticed an ice dragon
 14784 | Lair:4   | Received a gift from Okawaru
 14785 | Lair:4   | Killed an ice dragon
 14800 | IceCv    | Entered an ice cave
 15760 | IceCv    | Received a gift from Okawaru
 15929 | IceCv    | Reached skill level 10 in Invocations
 16163 | IceCv    | Reached XP level 14. HP: 71/148 MP: 9/21
 16356 | Arena    | Entered the Arena
 16402 | IceCv    | Identified the ring of Lust {rC+ rN+++ Str-2 Slay-2 SInv}
 17610 | Lair:4   | Learned a level 4 spell: Vhi's Electric Charge
 17667 | Lair:4   | Received a gift from Okawaru
 17885 | Lair:4   | Found a viscous altar of Jiyva.
 17892 | Lair:4   | Found a staircase to the Slime Pits.
 18091 | Lair:5   | Entered Level 5 of the Lair of Beasts
 19107 | Lair:5   | Received a gift from Okawaru
 19952 | Lair:5   | Reached skill level 5 in Spellcasting
 20116 | Lair:5   | Received a gift from Okawaru
 20131 | Lair:5   | Noticed a dire elephant
 20144 | Lair:5   | Killed a dire elephant
 20389 | Lair:5   | Found a burning altar of Makhleb.
 20442 | Lair:5   | Reached XP level 15. HP: 76/159 MP: 2/23
 20980 | Lair:5   | Found a gateway to Hell.
 22632 | D:12     | Killed Lodul
 22795 | D:12     | Received a gift from Okawaru
 22917 | D:12     | Noticed Kirke
 22937 | D:12     | Noticed a sphinx
 23145 | D:12     | Killed Kirke
 23457 | Arena    | Entered the Arena
 23688 | D:13     | Noticed a storm dragon
 23694 | D:13     | Killed a storm dragon
 24033 | D:13     | Noticed an orc warlord
 24048 | D:13     | Killed an orc warlord
 24091 | D:13     | Received a gift from Okawaru
 24280 | D:13     | Noticed Erolcha
 24286 | D:13     | Killed Erolcha
 24293 | D:13     | Noticed Sonja
 24304 | D:13     | Killed Sonja
 24525 | D:13     | Got the Dissertation on the Reconfigured Comitatus
 24604 | D:13     | Noticed Rupert
 24608 | D:13     | Reached skill level 1 in Air Magic
 24848 | D:14     | Received a gift from Okawaru
 24966 | D:13     | Found a gate to the Vaults.
 25035 | D:14     | Reached XP level 16. HP: 172/172 MP: 9/26
 25082 | D:14     | Found a hide-covered altar of Uskayaw.
 25607 | D:15     | Entered Level 15 of the Dungeon
 26350 | D:15     | Received a gift from Okawaru
 27045 | D:15     | Found a staircase to the Depths.
 27411 | D:15     | Received a gift from Okawaru
 28036 | D:10     | Bought a scroll of revelation for 262 gold pieces
 28186 | Snake:1  | Entered Level 1 of the Snake Pit
 28356 | Snake:1  | Reached skill level 15 in Fighting
 28818 | Snake:1  | Noticed Azrael
 28824 | Snake:1  | Killed Azrael
 28844 | Snake:1  | Received a gift from Okawaru
 28898 | Arena    | Entered the Arena
 29275 | Snake:1  | Identified the serpent talisman of the Fiend {+Blink}
 29275 | Snake:1  | Noticed Aizul
 30829 | Arena    | Entered the Arena
 30832 | Arena    | Reached XP level 17. HP: 115/184 MP: 9/29
 31112 | Snake:2  | Reached skill level 5 in Dodging
 31790 | Swamp:1  | Entered Level 1 of the Swamp
 32183 | Swamp:1  | Reached skill level 1 in Armour
 32797 | Swamp:1  | Noticed a tentacled monstrosity
 32824 | Swamp:1  | Killed a tentacled monstrosity
 33865 | Swamp:2  | Found a runed translucent door.
 34235 | Swamp:3  | Noticed a tentacled monstrosity
 34239 | Swamp:3  | Killed a tentacled monstrosity
 34326 | Swamp:3  | Found a runed translucent door.
 34326 | Swamp:3  | Noticed Borsukrates's ghost (adept HOAr)
 34774 | Swamp:4  | Entered Level 4 of the Swamp
 35411 | Arena    | Entered the Arena
 35434 | Swamp:4  | Found the +15 Maxwell's patent armour {-Cast -Tele rElec
                  | Will+ rCorr}
 35438 | Swamp:4  | Reached skill level 5 in Armour
 35516 | Swamp:4  | Reached XP level 18. HP: 196/198 MP: 22/30
 35589 | Swamp:4  | Received a gift from Okawaru
 35836 | Swamp:4  | Got a decaying rune of Zot
 36133 | Snake:1  | Killed Aizul
 36326 | Snake:2  | Noticed Nikola
 36387 | Arena    | Entered the Arena
 37036 | Snake:1  | Killed Nikola
 37508 | Snake:2  | Identified a scroll of acquirement
 37510 | Snake:2  | Acquired the ring of Satisfaction {^Drain rF+ rC+ Str+5}
 37961 | Snake:3  | Noticed Louise
 37969 | Snake:3  | Reached skill level 10 in Dodging
 37984 | Snake:3  | Killed Louise
 37995 | Snake:2  | Received a gift from Okawaru
 38523 | Snake:4  | Entered Level 4 of the Snake Pit
 38617 | Snake:4  | Found a huge runed translucent gate.
 38617 | Snake:4  | Found a huge runed translucent gate.
 38618 | Snake:4  | Found a huge runed translucent gate.
 38618 | Snake:4  | Found a huge runed translucent gate.
 38618 | Snake:4  | Found a huge runed translucent gate.
 38870 | Snake:4  | Received a gift from Okawaru
 39093 | Snake:4  | Reached XP level 19. HP: 188/211 MP: 18/31
 39316 | Snake:4  | Noticed Vashnia
 39359 | Snake:4  | Killed Vashnia
 39360 | Snake:4  | Reached skill level 10 in Armour
 39721 | Snake:4  | Got a serpentine rune of Zot
 40128 | Orc:1    | Entered Level 1 of the Orcish Mines
 40229 | Orc:1    | Noticed Jorgrun
 40240 | Orc:1    | Killed Jorgrun
 40696 | Orc:2    | Entered Level 2 of the Orcish Mines
 40971 | Orc:2    | Found a staircase to the Elven Halls.
 41215 | Orc:2    | Received a gift from Okawaru
 41263 | Orc:2    | Found Zujol's Magic Scroll Boutique.
 41266 | Orc:2    | Found Raomuirr's Assorted Antiques.
 41281 | Orc:2    | Bought a scroll of enchant weapon for 97 gold pieces
 41281 | Orc:2    | Bought a scroll of identify for 26 gold pieces
 41281 | Orc:2    | Bought a scroll of teleportation for 39 gold pieces
 41281 | Orc:2    | Bought a scroll of identify for 26 gold pieces
 41281 | Orc:2    | Bought a scroll of fog for 52 gold pieces
 41287 | Orc:2    | Bought a potion of resistance for 360 gold pieces
 41287 | Orc:2    | Bought a potion of enlightenment for 180 gold pieces
 41287 | Orc:2    | Bought a scroll of fear for 144 gold pieces
 41310 | Orc:2    | Noticed Maurice
 41320 | Orc:2    | Killed Maurice
 41354 | Orc:2    | Found Qityasaj's Distillery.
 41359 | Orc:2    | Bought a potion of curing for 51 gold pieces
 41359 | Orc:2    | Bought a potion of curing for 51 gold pieces
 41359 | Orc:2    | Bought a potion of curing for 51 gold pieces
 41359 | Orc:2    | Bought a potion of curing for 51 gold pieces
 41359 | Orc:2    | Bought a potion of enlightenment for 85 gold pieces
 41359 | Orc:2    | Bought a potion of enlightenment for 85 gold pieces
 41386 | Orc:2    | Found Zualisch's Book Shop.
 41636 | Elf:1    | Entered Level 1 of the Elven Halls
 42127 | Elf:1    | Found Ritol's Overcharged Wands.
 42607 | Elf:2    | Received a gift from Okawaru
 42611 | Elf:2    | Found Feefuowa's Antique Armour Shop.
 42649 | Elf:2    | Found Yskixej's Antique Armour Shoppe.
 42709 | Elf:2    | Found Omuph's Weapon Shop.
 42737 | Elf:2    | Reached skill level 10 in Spellcasting
 42739 | Elf:2    | Found a runed translucent gate.
 42739 | Elf:2    | Found a runed translucent gate.
 42764 | Elf:2    | Found a runed translucent gate.
 42983 | Elf:2    | Found Odwoahil's Book Emporium.
 43018 | Elf:2    | Learned a level 4 spell: Passage of Golubria
 43023 | Elf:2    | Learned a level 4 spell: Iskenderun's Mystic Blast
 43206 | Elf:3    | Entered Level 3 of the Elven Halls
 43231 | Elf:3    | Reached XP level 20. HP: 202/226 MP: 16/34
 43515 | Elf:3    | Received a gift from Okawaru
 44500 | Elf:3    | Received a gift from Okawaru
 44827 | Elf:3    | Identified the +6 arbalest "Heaj" {flame, rElec rPois rF-
                  | Dex+6}
 44874 | Abyss:3  | Cast into level 3 of the Abyss (a deep elf sorcerer)
 44931 | Elf:3    | Escaped the Abyss
 44959 | Elf:3    | Identified the +6 broad axe "Joace" {flame, Str+2}
 44960 | Elf:3    | Identified the +3 shortbow "Ogrebane" {freeze, ^Drain
                  | +Blink rN++ Int+3}
 45404 | Vaults:1 | Entered Level 1 of the Vaults
 46363 | Vaults:1 | Received a gift from Okawaru
 46499 | Vaults:1 | Reached XP level 21. HP: 236/236 MP: 29/37
 46659 | Vaults:1 | Found a portal to a secret trove of treasure.
 46675 | Vaults:1 | Acquired a +2 heavy broad axe
 46675 | Vaults:1 | Received a gift from Okawaru
 46688 | Trove    | Entered a treasure trove
 46690 | Trove    | Found the +18 shield of the Gong {Loud rN+ Will+ rCorr
                  | EV-5}
 46692 | Trove    | Found the +5 robe of Night {Dark Will+ SInv}
 46695 | Trove    | Identified the +0 troll leather armour "Binidghon" {^Contam
                  | Harm Regen+ Dex+3}
 46697 | Trove    | Identified the +0 tower shield "Enun Nea" {-Tele +Inv rPois
                  | Slay+5}
 46699 | Trove    | Identified the +0 hat of Complete Protection {rC+++ Regen+
                  | Str-3}
 46701 | Trove    | Identified the +1 robe of Dithmenos's Regard {Str+4}
 46702 | Trove    | Identified the +1 hat "Ynompua" {Dex+3}
 46703 | Trove    | Identified the orb of Mutualism {guile, rN+}
 46707 | Trove    | Identified the +1 hat of Submission {*Slow rN++}
 46708 | Trove    | Identified the +1 robe of Classification {Int+4}
 46710 | Trove    | Identified the +0 leather armour "Eruam" {+Inv Regen+
                  | Dex-4}
 47623 | Vaults:2 | You are sucked into a shaft and drop 2 floors!
 48260 | Vaults:3 | Identified the +8 rapier "Vomap" {venom, *Noise rC++ Int+3}
 48325 | Vaults:3 | Found a staircase to the Crypt.
 48377 | Vaults:3 | Paralysed by a formless jellyfish for 1 turns
 48501 | Vaults:3 | Noticed Margery
 48516 | Vaults:3 | Killed Margery
 49361 | Vaults:2 | Reached XP level 22. HP: 230/249 MP: 27/40
 49706 | Vaults:2 | Reached skill level 15 in Spellcasting
 49914 | Vaults:2 | Identified the +4 war axe "Rumuban" {freeze, +Blink Fly}
 50140 | Vaults:2 | Gained mutation: You are dopey. (Int -2) [a shining eye]
 51055 | Vaults:4 | Paralysed by a formless jellyfish for 1 turns
 51415 | Vaults:4 | Received a gift from Okawaru
 51617 | Vaults:4 | Found Weazxir's Antique Weapon Boutique.
 52564 | Vaults:4 | Reached XP level 23. HP: 248/262 MP: 38/44
 52749 | D:13     | Killed Rupert
 52753 | D:13     | Received a gift from Okawaru
 52829 | D:13     | Found Kallib's Distillery.
 52837 | D:13     | Bought a potion of brilliance for 56 gold pieces
 52837 | D:13     | Bought a potion of might for 56 gold pieces
 52837 | D:13     | Bought a potion of heal wounds for 70 gold pieces
 52837 | D:13     | Bought a potion of mutation for 112 gold pieces
 52837 | D:13     | Bought a potion of resistance for 140 gold pieces
 52837 | D:13     | Bought a potion of curing for 42 gold pieces
 52837 | D:13     | Bought 2 potions of haste for 280 gold pieces
 52837 | D:13     | Bought a potion of curing for 42 gold pieces
 53053 | Depths:1 | Entered Level 1 of the Depths
 53482 | Depths:1 | Reached XP level 24. HP: 242/273 MP: 15/44
 53482 | Depths:1 | Found Qoidowoh's Self-Improvement Boutique.
 53491 | Depths:1 | Noticed Boris
 53503 | Depths:1 | Noticed Mara
 53653 | Depths:1 | Noticed RepoMan's illusion
 53657 | Depths:1 | Killed Mara
 53684 | Depths:1 | Killed Boris
 53705 | Depths:1 | Bought a manual of Armour for 1520 gold pieces
 53747 | Depths:1 | Found a bloodstained altar of Trog.
 54464 | Depths:2 | Received a gift from Okawaru
 54702 | Depths:2 | Found a one-way gateway to a ziggurat.
 55483 | Depths:2 | Received a gift from Okawaru
 56405 | Depths:2 | Found a one-way gate leading to the halls of Pandemonium.
 56710 | Depths:2 | Found a runed translucent gate.
 56710 | Depths:2 | Found a runed translucent gate.
 56711 | Depths:2 | Found a runed translucent gate.
 56711 | Depths:2 | Noticed Qonatetz's ghost (adept DsGl)
 56712 | Depths:2 | Noticed an ancient lich
 56712 | Depths:2 | Noticed an ancient lich
 56874 | Depths:2 | Received a gift from Okawaru
 57438 | Depths:3 | Found a one-way gate to the infinite horrors of the Abyss.
 57584 | Depths:3 | Reached skill level 15 in Armour
 57884 | Depths:3 | Noticed a dread lich
 57889 | Depths:3 | Killed a dread lich
 57890 | Depths:3 | Reached XP level 25. HP: 280/287 MP: 46/46
 57900 | Depths:3 | Noticed a juggernaut
 57912 | Depths:3 | Killed a juggernaut
 58073 | Depths:3 | Received a gift from Okawaru
 58183 | Depths:3 | Noticed Jory
 58189 | Depths:3 | Killed Jory
 58780 | Depths:4 | Entered Level 4 of the Depths
 59014 | Depths:4 | Noticed a juggernaut
 59025 | Depths:4 | Killed a juggernaut
 59025 | Depths:4 | Received a gift from Okawaru
 59257 | Depths:4 | Noticed a juggernaut
 59271 | Depths:4 | Killed a juggernaut
 59872 | Depths:4 | Received a gift from Okawaru
 59957 | Depths:4 | Reached skill level 15 in Dodging
 60404 | Depths:4 | Found a gate to the Realm of Zot.
 60774 | Crypt:1  | Entered Level 1 of the Crypt
 60788 | Crypt:1  | Found an ancient bone altar of Kikubaaqudgha.
 61121 | Crypt:1  | Received a gift from Okawaru
 61485 | Crypt:1  | Found a runed translucent gate.
 61486 | Crypt:1  | Found a runed translucent gate.
 61486 | Crypt:1  | Found a runed translucent gate.
 61492 | Crypt:1  | Noticed Esecs's ghost (veteran GrEE)
 61493 | Crypt:1  | Found an iron altar of Okawaru.
 61887 | Crypt:1  | Reached XP level 26. HP: 247/297 MP: 13/47
 61981 | Crypt:1  | Killed Esecs's ghost
 62107 | Crypt:2  | Found a basalt altar of Yredelemnul.
 62235 | Crypt:2  | Received a gift from Okawaru
 62880 | Crypt:3  | Entered Level 3 of the Crypt
 62884 | Crypt:3  | Upgraded the game from 0.31.0-9-g3a7656b989 to
                  | 0.31.0-11-ge490571c62
 63401 | Crypt:3  | Found a staircase to the Tomb.
 63547 | Crypt:3  | Received a gift from Okawaru
 63581 | Crypt:3  | Noticed Xtahua
 63590 | Crypt:3  | Killed Xtahua
 63751 | Crypt:3  | Noticed a royal mummy
 63752 | Crypt:3  | Noticed a royal mummy
 63786 | Crypt:3  | Killed a royal mummy
 63787 | Crypt:3  | Killed a royal mummy
 63867 | Crypt:3  | Noticed Khufu
 63887 | Crypt:3  | Killed Khufu
 64232 | Crypt:3  | Found an ancient bone altar of Kikubaaqudgha.
 64450 | Crypt:3  | Received a gift from Okawaru
 64451 | Crypt:3  | Noticed a dread lich
 64453 | Crypt:3  | Killed a dread lich
 64511 | Crypt:3  | Identified the +1 ring mail "Ziuq" {Dex+2}
 64514 | Crypt:3  | Got the Reference Book on Malignant Rites
 65057 | Crypt:3  | Identified the ring of Doors {rC+ rN+ Int+2}
 65057 | Crypt:3  | Identified the ring of Ijihism {rN+ rCorr Str-3 Dex+2}
 65625 | Slime:1  | Entered Level 1 of the Pits of Slime
 66208 | Slime:5  | Entered Level 5 of the Pits of Slime
 66294 | Slime:5  | Received a gift from Okawaru
 66491 | Slime:5  | Reached XP level 27. HP: 288/309 MP: 2/48
 66499 | Slime:5  | Noticed the Royal Jelly
 67070 | Slime:5  | Killed the Royal Jelly
 67211 | Slime:5  | Identified the ring "Acviuk" {^Drain rCorr EV+5 Str+4}
 67215 | Slime:5  | Identified the +3 long sword of Nemelex Xobeh's Pride
                  | {holy, rElec rF+ rC-}
 67259 | Slime:5  | Identified the +9 quick blade "Wesox" {pain, Int+4 Dex+3}
 67312 | Slime:5  | Got the Textbook on the Shot
 67326 | Slime:5  | Got a slimy rune of Zot
 67710 | Elf:2    | Bought the +8 frozen axe "Frostbite" {freeze, freezing
                  | cloud, *Noise Fly rC+} for 1270 gold pieces
 67710 | Elf:2    | Found the +8 frozen axe "Frostbite" {freeze, freezing
                  | cloud, *Noise Fly rC+}
 68033 | Zot:1    | Entered Level 1 of the Realm of Zot
 68376 | Zot:1    | Reached skill level 1 in Axes
 69161 | Zot:1    | Received a gift from Okawaru
 69570 | Zot:2    | Reached skill level 5 in Throwing
 69965 | Zot:2    | Found a corrupted altar of Lugonu.
 70752 | Zot:2    | Received a gift from Okawaru
 71087 | Zot:2    | Identified the granite talisman of the Elephant {MP+9}
 71864 | Zot:2    | Got Doho Jio's Elucidation of Fire and Brimstone
 71877 | Zot:2    | Got the Anthology of the Zealot
 72943 | Zot:3    | Received a gift from Okawaru
 72978 | Zot:3    | Found the +2 Maxwell's thermic engine {flame, freeze, rev}
 73350 | Zot:3    | Found a runed translucent door.
 73351 | Zot:3    | Noticed Sebriys's ghost (legendary TrBe)
 73352 | Zot:3    | Found the +7 sceptre of Torment {pain, torment}
 74357 | Zot:4    | Identified the ring "Olashrio" {Ice rElec Str+4 Stlth+}
 74357 | Zot:4    | Noticed Josephina
 74358 | Zot:4    | Reached skill level 15 in Translocations
 74374 | Zot:4    | Killed Josephina
 74404 | Zot:4    | Reached skill level 5 in Axes
 74426 | Zot:4    | Found the +4 dragonskin cloak
 74426 | Zot:4    | Noticed Tiamat
 74428 | Arena    | Entered the Arena
 75077 | Zot:3    | Killed Tiamat
 75773 | Zot:4    | Received a gift from Okawaru
 76391 | Zot:5    | Entered Level 5 of the Realm of Zot
 76931 | Zot:5    | Reached skill level 10 in Throwing
 77390 | Vaults:5 | Entered Level 5 of the Vaults
 77405 | Vaults:5 | Received a gift from Okawaru
 77701 | Vaults:5 | Identified the +6 triple crossbow "Taxzot" {freeze, rElec
                  | Str+2 Int+3}
 77971 | Vaults:5 | Received a gift from Okawaru
 77982 | Vaults:5 | Identified the +10 rapier "Ducwafom" {vamp, rN+ MP+9 Dex+3}
 77984 | Vaults:5 | Identified the staff "Arofe" {rElec rPois Will- Int+3 Conj}
 78008 | Vaults:5 | Got a silver rune of Zot
 78299 | Vaults:5 | Identified the ring "Xaushosm" {Fly rN++ rCorr Str+6 Int-2}
 78326 | Vaults:5 | Identified the +5 flail of Fortitude {freeze, +Blink rC+
                  | rN+}
 78442 | Vaults:5 | Noticed Bai Suzhen
 78445 | Vaults:5 | Killed Bai Suzhen
 79922 | Depths:2 | Reached skill level 1 in Shapeshifting
 79923 | Depths:2 | Killed an ancient lich
 79923 | Depths:2 | Received a gift from Okawaru
 79929 | Depths:2 | Killed Qonatetz's ghost
 79934 | Depths:2 | Killed an ancient lich
 80162 | Zig:1    | Entered Level 1 of a ziggurat
 80162 | Zig:1    | Noticed Vuqaa the pandemonium lord
 80166 | Zig:1    | Killed Vuqaa the pandemonium lord
 80214 | Zig:2    | Entered Level 2 of a ziggurat
 80360 | Zig:3    | Entered Level 3 of a ziggurat
 80366 | Zig:3    | Reached skill level 5 in Shapeshifting
 80399 | Zig:3    | Acquired 847 gold pieces
 80437 | Zig:4    | Entered Level 4 of a ziggurat
 80469 | Zig:4    | Identified the +4 orcbow of Excruciating Pain {flame, *Slow
                  | Dex+5 SInv}
 80516 | Zig:5    | Entered Level 5 of a ziggurat
 80521 | Zig:5    | Noticed Amooziko the pandemonium lord
 80532 | Zig:5    | Killed Amooziko the pandemonium lord
 80623 | Zig:6    | Entered Level 6 of a ziggurat
 80646 | Zig:6    | Identified the +5 mace "Calinimu" {venom, *Noise rF+ rCorr}
 80648 | Zig:6    | Identified the +2 robe of the Wilderness {rPois Int+2 Dex+4
                  | Archmagi}
 80716 | Zig:7    | Entered Level 7 of a ziggurat
 80722 | Zig:7    | Found the +2 pair of slick slippers {slick, slippery, EV+4}
 80750 | Zig:7    | Acquired the +12 shadow dragon scales "Suazi" {rPois
                  | Stlth++++}
 80811 | Pan      | Entered Pandemonium
 80920 | Pan      | Noticed Sapn the pandemonium lord
 80924 | Pan      | Killed Sapn the pandemonium lord
 80924 | Pan      | Received a gift from Okawaru
 81299 | Pan      | Reached skill level 10 in Shapeshifting
 81469 | Pan      | Noticed Vecesch the pandemonium lord
 81478 | Pan      | Entered the realm of Gloorx Vloq.
 81781 | Pan      | Received a gift from Okawaru
 82176 | Pan      | Noticed Gloorx Vloq
 82547 | Pan      | Killed Gloorx Vloq
 82605 | Pan      | Got a dark rune of Zot
 82623 | Pan      | Received a gift from Okawaru
 83070 | Pan      | Reached skill level 15 in Shapeshifting
 83314 | Pan      | Noticed Lidoned the pandemonium lord
 83329 | Pan      | Killed Lidoned the pandemonium lord
 83708 | Pan      | Identified the amulet of Epty {Faith Fly Str-3 Stlth+}
 83747 | Pan      | Noticed Sumour the pandemonium lord
 83755 | Pan      | Paralysed by Sumour for 1 turns
 83756 | Pan      | Killed Sumour the pandemonium lord
 83756 | Pan      | Received a gift from Okawaru
 84836 | Pan      | Entered the realm of Lom Lobon.
 84850 | Pan      | Identified the +2 scale mail of Uskayaw's Condemnation
                  | {Str-5 Dex+4}
 85026 | Pan      | Received a gift from Okawaru
 85087 | Pan      | Noticed Lom Lobon
 85115 | Pan      | Killed Lom Lobon
 85193 | Pan      | Got a magical rune of Zot
 85538 | Pan      | Found an exit through the horrors of the Abyss.
 85590 | Pan      | Noticed Xaisoxig the pandemonium lord
 85608 | Pan      | Killed Xaisoxig the pandemonium lord
 85610 | Arena    | Entered the Arena
 85642 | Pan      | Received a gift from Okawaru
 85968 | Depths:2 | Escaped Pandemonium
 86062 | Pan      | Entered Pandemonium
 86067 | Pan      | Identified the +0 tower shield of the Wasteland {*Corrode
                  | rC- Int+8 Stlth+}
 86067 | Pan      | Noticed Mennas
 86089 | Pan      | Killed Mennas
 86393 | Depths:2 | Escaped Pandemonium
 86395 | Pan      | Entered the realm of Mnoleg.
 86395 | Pan      | Entered Pandemonium
 86405 | Pan      | Found an exit through the horrors of the Abyss.
 86895 | Pan      | Received a gift from Okawaru
 87557 | Pan      | Noticed Mnoleg
 87608 | Pan      | Received a gift from Okawaru
 87817 | Pan      | Identified the +3 falchion "Xaeptipt" {flame, *Corrode rF+
                  | rN+ Int+3}
 88038 | Pan      | Killed Mnoleg
 88089 | Pan      | Got a glowing rune of Zot
 88502 | Pan      | Entered the realm of Cerebov.
 88569 | Pan      | Received a gift from Okawaru
 89145 | Pan      | Found the +6 sword of Cerebov {flame}
 89145 | Pan      | Noticed Cerebov
 89169 | Pan      | Killed Cerebov
 89176 | Pan      | Identified the +5 ice dragon scales of the Shoals {rF- rC++
                  | Will+}
 89176 | Pan      | Identified the +0 kite shield "Deocahia" {-Tele rN+++
                  | Str+2}
 89212 | Pan      | Got a fiery rune of Zot
 89242 | Pan      | Received a gift from Okawaru
 89262 | Pan      | Identified the +5 chain mail of the Loofah {*Slow Int+7}
 89329 | Pan      | Identified the +3 battleaxe of the Shouting Pariah {pain,
                  | rN++ Will- Int+3}
 89335 | Pan      | Identified the +4 shortbow "Depsitiwu" {drain, rElec rC+++
                  | Int-5 Dex-4}
 89718 | Pan      | Noticed Wonged the pandemonium lord
 89720 | Pan      | Killed Wonged the pandemonium lord
 89775 | Pan      | Received a gift from Okawaru
 90932 | Depths:2 | Escaped Pandemonium
 90975 | Pan      | Entered Pandemonium
 91122 | Pan      | Found an exit through the horrors of the Abyss.
 91531 | Pan      | Received a gift from Okawaru
 91624 | Pan      | Noticed Syov the pandemonium lord
 91669 | Pan      | Killed Syov the pandemonium lord
 91829 | Pan      | Reached skill level 15 in Throwing
 92013 | Pan      | Got a demonic rune of Zot
 92105 | Pan      | Took an exit into the Abyss.
 92105 | Abyss:3  | Escaped into the Abyss
 92125 | Abyss:3  | Found a corrupted altar of Lugonu.
 92140 | Abyss:3  | Found a corrupted altar of Lugonu.
 92175 | Abyss:3  | Found a corrupted altar of Lugonu.
 92243 | Abyss:3  | Found a corrupted altar of Lugonu.
 92428 | Abyss:4  | Found a corrupted altar of Lugonu.
 92431 | Abyss:4  | Found a corrupted altar of Lugonu.
 92512 | Depths:2 | Escaped the Abyss
 92594 | Depths:3 | Lost mutation: You are dopey. (Int -2) [potion of mutation]
 92594 | Depths:3 | Gained mutation: Your mind is acute. (Int +4, Str/Dex -1)
                  | [potion of mutation]
 92594 | Depths:3 | Gained mutation: You passively map a small area around you.
                  | [potion of mutation]
 92594 | Depths:3 | Gained mutation: You are somewhat resistant to further
                  | mutation. [potion of mutation]
 92596 | Depths:3 | Voluntarily entered the Abyss.
 92598 | Abyss:4  | Found a corrupted altar of Lugonu.
 92656 | Abyss:4  | Received a gift from Okawaru
 92752 | Abyss:4  | Found a corrupted altar of Lugonu.
 92766 | Abyss:4  | Noticed a dread lich
 92771 | Abyss:4  | Killed a dread lich
 92775 | Abyss:4  | Found a corrupted altar of Lugonu.
 92803 | Abyss:4  | Got an abyssal rune of Zot
 92851 | Depths:3 | Escaped the Abyss
 93205 | Tomb:1   | Entered Level 1 of the Tomb of the Ancients
 93224 | Tomb:1   | Learned a level 8 spell: Disjunction
 93297 | Tomb:1   | Received a gift from Okawaru
 93651 | Tomb:1   | Noticed a royal mummy
 93651 | Tomb:1   | Noticed a royal mummy
 93653 | Tomb:1   | Killed a royal mummy
 93656 | Tomb:1   | Killed a royal mummy
 94042 | Tomb:2   | Noticed a royal mummy
 94045 | Tomb:2   | Noticed a royal mummy
 94047 | Tomb:2   | Noticed a royal mummy
 94047 | Tomb:2   | Noticed a royal mummy
 94049 | Tomb:2   | Killed a royal mummy
 94051 | Tomb:2   | Killed a royal mummy
 94055 | Tomb:2   | Killed a royal mummy
 94058 | Tomb:2   | Killed a royal mummy
 94211 | Tomb:2   | Received a gift from Okawaru
 94273 | Tomb:2   | Noticed an ancient lich
 94277 | Tomb:2   | Killed an ancient lich
 94411 | Tomb:1   | Noticed a royal mummy
 94411 | Tomb:1   | Noticed a royal mummy
 94411 | Tomb:1   | Noticed a royal mummy
 94411 | Tomb:1   | Noticed a royal mummy
 94412 | Tomb:1   | Noticed a royal mummy
 94413 | Tomb:1   | Noticed a royal mummy
 94414 | Tomb:1   | Noticed a royal mummy
 94417 | Tomb:1   | Noticed a royal mummy
 94543 | Tomb:1   | Killed a royal mummy
 94547 | Tomb:1   | Killed a royal mummy
 94551 | Tomb:1   | Killed a royal mummy
 94560 | Tomb:1   | Killed a royal mummy
 94678 | Tomb:1   | Noticed a royal mummy
 94683 | Tomb:1   | Killed a royal mummy
 94689 | Tomb:1   | Killed a royal mummy
 94696 | Tomb:1   | Killed a royal mummy
 94700 | Tomb:1   | Killed a royal mummy
 94738 | Tomb:1   | Noticed a royal mummy
 94749 | Tomb:1   | Killed a royal mummy
 94762 | Tomb:1   | Noticed a royal mummy
 94770 | Tomb:1   | Killed a royal mummy
 94775 | Tomb:1   | Killed a royal mummy
 94830 | Tomb:1   | Noticed a royal mummy
 94833 | Tomb:1   | Killed a royal mummy
 94833 | Tomb:1   | Received a gift from Okawaru
 94887 | Tomb:1   | Noticed a royal mummy
 94892 | Tomb:1   | Killed a royal mummy
 95190 | Tomb:3   | Entered Level 3 of the Tomb of the Ancients
 95210 | Tomb:3   | Received a gift from Okawaru
 95250 | Tomb:3   | Noticed a royal mummy
 95258 | Tomb:3   | Noticed a royal mummy
 95258 | Tomb:3   | Killed a royal mummy
 95261 | Tomb:3   | Killed a royal mummy
 95261 | Tomb:3   | Received a gift from Okawaru
 95263 | Tomb:3   | Noticed a royal mummy
 95267 | Tomb:3   | Killed a royal mummy
 95267 | Tomb:3   | Noticed a royal mummy
 95271 | Tomb:3   | Killed a royal mummy
 95274 | Tomb:3   | Noticed a royal mummy
 95391 | Tomb:3   | Killed a royal mummy
 95392 | Tomb:3   | Noticed a royal mummy
 95399 | Tomb:3   | Noticed a royal mummy
 95400 | Tomb:3   | Killed a royal mummy
 95403 | Tomb:3   | Killed a royal mummy
 95462 | Tomb:3   | Identified the +1 pair of gloves of Fortification {Fly
                  | Slay+2 Stlth-}
 95489 | Tomb:3   | Identified the amulet "Fyze" {Reflect Int+6 SH+5}
 95489 | Tomb:3   | Found the +7 captain's cutlass {speed, disarm}
 95493 | Tomb:3   | Identified the +0 cloak of Fabulous Curiosity {-Cast rElec
                  | Dex+10 Slay-5}
 95504 | Tomb:3   | Identified the +1 robe of the Soldier {Str+2}
 95575 | Tomb:3   | Noticed a royal mummy
 95577 | Tomb:3   | Killed a royal mummy
 95586 | Tomb:3   | Got a golden rune of Zot
 95598 | Tomb:3   | Noticed a royal mummy
 95606 | Tomb:3   | Killed a royal mummy
 96092 | Hell     | Entered the Vestibule of Hell
 96092 | Hell     | Noticed Geryon
 96104 | Hell     | Killed Geryon
 96120 | Hell     | Received a gift from Okawaru
 96293 | Hell     | Found a gateway to the freezing wastes of Cocytus.
 96505 | Hell     | Found a gateway to the decaying netherworld of Tartarus.
 96576 | Tar:1    | Entered Level 1 of Tartarus
 96920 | Tar:2    | Received a gift from Okawaru
 97575 | Tar:5    | Received a gift from Okawaru
 97865 | Tar:7    | Entered Level 7 of Tartarus
 97928 | Tar:7    | Received a gift from Okawaru
 98062 | Tar:7    | Got Xarisy's Almanac of Virous Location
 98196 | Tar:7    | Found the +5 glaive of the Guard {elec, spectral}
 98244 | Tar:7    | Noticed a dread lich
 98267 | Tar:7    | Received a gift from Okawaru
 98272 | Tar:7    | Killed a dread lich
 98327 | Tar:7    | Noticed an ancient lich
 98336 | Tar:7    | Killed an ancient lich
 98421 | Tar:7    | Noticed a dread lich
 98423 | Tar:7    | Killed a dread lich
 98498 | Tar:7    | Noticed Ereshkigal
 98513 | Tar:7    | Received a gift from Okawaru
 98524 | Tar:7    | Killed Ereshkigal
 98599 | Tar:7    | Got a bone rune of Zot
 98896 | Tar:7    | Identified the +1 dagger "Gyul" {venom, Dex+6}
 98909 | Tar:7    | Got Sif Muna's Writings on the Door and the Tundra
 98914 | Tar:7    | Identified the +10 dagger "Muderch" {freeze, ^Contam *Rage
                  | rPois Int+6}
 99223 | Hell     | Found a gateway to the Iron City of Dis.
 99248 | Dis:1    | Entered Level 1 of the Iron City of Dis
 99304 | Dis:1    | Noticed a juggernaut
 99310 | Dis:1    | Killed a juggernaut
 99415 | Dis:2    | Received a gift from Okawaru
 99911 | Arena    | Entered the Arena
100492 | Dis:7    | Entered Level 7 of the Iron City of Dis
100508 | Dis:7    | Received a gift from Okawaru
101261 | Dis:7    | Found the +8 longbow "Zephyr" {speed, Dex+3 SInv}
101281 | Dis:7    | Received a gift from Okawaru
101530 | Dis:7    | Identified the amulet "Asiazis" {Reflect Int+2 SH+5}
101532 | Dis:7    | Identified the +5 orcbow "Embalmer" {drain, Str+5 Dex-4}
101653 | Dis:7    | Identified the +8 rapier of Foeka {vamp, SInv}
101868 | Dis:7    | Noticed Dispater
101892 | Dis:7    | Killed Dispater
102052 | Dis:7    | Received a gift from Okawaru
102128 | Dis:7    | Found the ring of the Mage {Wiz Archmagi}
102135 | Dis:7    | Got an iron rune of Zot
102297 | Coc:1    | Entered Level 1 of Cocytus
102725 | Coc:3    | Paralysed by a wendigo for 1 turns
102731 | Coc:3    | Reached skill level 27 in Throwing
102864 | Coc:3    | Received a gift from Okawaru
103298 | Coc:5    | Noticed a dread lich
103301 | Coc:5    | Killed a dread lich
103506 | Coc:6    | Noticed an ancient lich
103579 | Coc:6    | Reached skill level 27 in Fighting
103616 | Coc:6    | Received a gift from Okawaru
103650 | Coc:6    | Killed an ancient lich
103987 | Coc:7    | Entered Level 7 of Cocytus
104187 | Coc:7    | Paralysed by a wendigo for 1 turns
104288 | Coc:7    | Received a gift from Okawaru
105092 | Coc:7    | Identified the +8 mace of Boigor {freeze, rF+ Dex+2}
105148 | Coc:7    | Noticed Antaeus
105155 | Coc:7    | Received a gift from Okawaru
105173 | Coc:7    | Killed Antaeus
105177 | Coc:7    | Got an icy rune of Zot
105188 | Coc:7    | Found the ring of the Hare {EV+10}
105420 | Hell     | Found a gateway to the ashen valley of Gehenna.
105429 | Geh:1    | Entered Level 1 of Gehenna
105662 | Geh:2    | Received a gift from Okawaru
105911 | Geh:4    | Noticed a dread lich
105925 | Geh:4    | Killed a dread lich
105926 | Geh:4    | Reached skill level 27 in Maces & Flails
106283 | Geh:6    | Received a gift from Okawaru
106343 | Geh:7    | Entered Level 7 of Gehenna
106545 | Geh:7    | Identified the ring "Nover" {rElec MP+9 Str+6}
106661 | Geh:7    | Noticed the Serpent of Hell
106677 | Geh:7    | Killed the Serpent of Hell
106678 | Geh:7    | Reached skill level 27 in Spellcasting
106832 | Geh:7    | Identified the ring of the Two Names {Fire ^Drain Dex+5}
106945 | Geh:7    | Found the +7 mace of Variability {chaos, chaos arc}
107189 | Geh:7    | Identified the +3 leather armour "Axydic" {rF+ Dex+3
                  | Stlth+}
107219 | Geh:7    | Found the +13 sceptre of Asmodeus
107219 | Geh:7    | Noticed Asmodeus
107221 | Geh:7    | Received a gift from Okawaru
107222 | Geh:7    | Killed Asmodeus
107235 | Geh:7    | Got an obsidian rune of Zot
107682 | Zot:5    | Noticed an ancient lich
107684 | Zot:5    | Noticed an orb of fire
107696 | Zot:5    | Noticed an orb of fire
107697 | Zot:5    | Noticed an orb of fire
107698 | Zot:5    | Noticed an orb of fire
107704 | Zot:5    | Noticed an orb of fire
107704 | Zot:5    | Noticed an orb of fire
107704 | Zot:5    | Gained mutation: Your health recovers twice as slowly from
                  | being drained. [an orb of fire]
107704 | Zot:5    | Gained mutation: Armour fits poorly on your strangely
                  | shaped body. [an orb of fire]
107705 | Arena    | Entered the Arena
107716 | Arena    | Killed an orb of fire
107717 | Arena    | Lost mutation: You passively map a small area around you.
                  | [potion of mutation]
107717 | Arena    | Lost mutation: Armour fits poorly on your strangely shaped
                  | body. [potion of mutation]
107717 | Arena    | Lost mutation: Your mind is acute. (Int +4, Str/Dex -1)
                  | [potion of mutation]
107717 | Arena    | Gained mutation: Potions are less effective at restoring
                  | your health. [potion of mutation]
107718 | Arena    | Lost mutation: Your health recovers twice as slowly from
                  | being drained. [potion of mutation]
107718 | Arena    | Lost mutation: You are somewhat resistant to further
                  | mutation. [potion of mutation]
107718 | Arena    | Gained mutation: You occasionally shout uncontrollably at
                  | your foes. [potion of mutation]
107718 | Arena    | Gained mutation: Your flesh is heat resistant. (rF+)
                  | [potion of mutation]
107719 | Arena    | Lost mutation: You occasionally shout uncontrollably at
                  | your foes. [potion of mutation]
107719 | Arena    | Lost mutation: Your flesh is heat resistant. (rF+) [potion
                  | of mutation]
107719 | Arena    | Lost mutation: Potions are less effective at restoring your
                  | health. [potion of mutation]
107719 | Arena    | Gained mutation: You are agile. (Dex +4, Str/Int -1)
                  | [potion of mutation]
107719 | Arena    | Gained mutation: You are very agile. (Dex +8, Str/Int -2)
                  | [potion of mutation]
107769 | Zig:1    | Entered Level 1 of a ziggurat
107975 | Zig:2    | Entered Level 2 of a ziggurat
107994 | Zig:2    | Acquired 372 gold pieces
107995 | Zig:2    | Acquired 1161 gold pieces
108012 | Zig:3    | Entered Level 3 of a ziggurat
108073 | Zot:5    | Noticed a dread lich
108124 | Zot:5    | Killed an orb of fire
108155 | Zot:5    | Killed an orb of fire
108155 | Zot:5    | Received a gift from Okawaru
108160 | Zot:5    | Killed an orb of fire
108169 | Zot:5    | Killed an ancient lich
108170 | Zot:5    | Reached skill level 15 in Invocations
108265 | Zot:5    | Killed an orb of fire
108269 | Zot:5    | Reached skill level 10 in Axes
108381 | Zot:5    | Received a gift from Okawaru
108429 | Zot:5    | Killed a dread lich
108566 | Zot:5    | Killed an orb of fire
108574 | Zot:5    | Received a gift from Okawaru
108665 | Zot:5    | Noticed a dread lich
108668 | Zot:5    | Killed a dread lich
108719 | Zot:5    | Got the Orb of Zot
109462 | D:$      | Escaped with the Orb!

Illustrated notes

Levels and vault maps discovered:
D:1:      lightli_arrival_chessboard, layout_loops_corners, serial_shops,
          nicolae_shop_back_alley_shop, minivault_23
D:2:      layout_rooms, ebering_ecumenical_altar_sacrificial, uniq_sigmund
D:3:      layout_loops_ring, grunt_decor_junction, chequers_serial_rivers_room_a
D:4:      layout_basic
D:5:      minmay_spotlight, layout_basic, minmay_temple_entry_statues_fountains,
          chequers_mini_garden
D:6:      layout_layer_cave, uniq_edmund
D:7:      layout_basic, nrook_mini_vaults
D:8:      layout_rooms, serial_glass, glass_columns_b, glass_columns_a,
          uniq_joseph
D:9:      layout_roguey, david_lair_generic, serial_shops, shop
D:10:     layout_gridville, mainiacjoe_overflow_catwalk_spiral, serial_shops,
          shop, enter_bailey_5
D:11:     layout_gridville, orc_0_dummy, serial_bayou_crossing
D:12:     layout_small_grid, uniq_kirke, uniq_lodul
D:13:     minmay_the_grid_net [minmay_the_grid_slots,
          minmay_the_grid_aliased_spiral, minmay_the_grid_tree,
          minmay_the_grid_tri_star, minmay_the_grid_armoury,
          minmay_the_grid_prize_diamond_cup], layout_irregular_city,
          david_vaults_3, serial_shops, shop, uniq_erolcha, uniq_sonja
D:14:     layout_stronghold, chequers_serial_rivers_large_b,
          dancing_weapons_uskayaw
D:15:     gammafunk_enter_depths_forms, layout_layer_cave
Temple:   nicolae_temple_slightly_damp_pantheon
Lair:1:   layout_cave_pods, lemuel_fruit_tree
Lair:2:   layout_roguey, palyth_hydra_swamp_entry,
          minmay_snake_entry_six_corridors, gauntlet_entry_generic,
          nicolae_quartered_pool_super, minivault_26
Lair:3:   layout_concentric_octagons, enter_volcano_1, serial_bayou_shore_b,
          serial_bayou_shore_b
Lair:4:   layout_regular_city, dpeg_slime_entry_corner,
          portal_ice_cave_entry_animals_and_master, infiniplex_staircase_pool
Lair:5:   evil_forest, layout_cave_pods, serial_bayou_lake_a
Swamp:1:  cheibrodos_swamp_monstrosity, layout_basic_swamp, hangedman_swamp_cone
Swamp:2:  layout_basic_swamp, evilmike_swamp_ruin_rubble_1,
          nzn_swamp_weyward_sisters, infiniplex_staircase_pool_2,
          nicolae_swamp_tree_isthmus
Swamp:3:  layout_basic_swamp, hellmonk_ghost_happy_afterlife,
          hangedman_swamp_ruin_hall
Swamp:4:  swamp_basic_johnstein, layout_basic_swamp, swamp_pool_1_2
Snake:1:  layout_layer_cave, uniq_aizul, uniq_azrael
Snake:2:  layout_rooms, st_stairs_9, uniq_nikola
Snake:3:  layout_cave_shapes, uniq_louise
Snake:4:  johnstein_snake_rune_scales, layout_rooms, hangedman_venom_bottle
Slime:1:  nicolae_slime_infinislime, layout_caves, nicolae_slime_barrier,
          cheibrodos_slime_lost_civilization_6
Slime:2:  cheibrodos_slime_lost_civilization_3, layout_caves
Slime:3:  layout_caves, nicolae_slime_getting_an_eyeful
Slime:4:  nicolae_slime_jelly_donut, layout_caves
Slime:5:  slime_pit_nicolae_block_by_block
Orc:1:    layout_diamond_mine, special_room [special_room_bee], uniq_jorgrun
Orc:2:    hellmonk_orc_salted, layout_caves, uniq_maurice
Elf:1:    eino_elf_arrival_the_gate, layout_loops_corners,
          nicolae_elf_crossing_hall, nicolae_shop_overcharged_wands
Elf:2:    elven_hall_of_blades_hangedman_original
          [nicolae_blade_entry_floor_patterns], layout_rooms, serial_shops,
          nicolae_shop_tiny_waterfront, nicolae_book_shop_shelving,
          nicolae_stop_n_shop_1, shop_statue, uniq_norris
Elf:3:    minmay_elf_hall_x, layout_rooms
Vaults:1: hangedman_vaults_slice, nicolae_vaults_closet_pinwheel_6,
          nicolae_vaults_ninety_degrees, ontoclasm_vaults_fault, v_misc_28,
          nicolae_vaults_ellipses_ellipsis, vaults_dpeg_ring,
          layout_vaults_omnibox, nicolae_trove_entry_isolated
Vaults:2: nicolae_vaults_weapon_check, v_pattern_2, ontoclasm_vaults_chip,
          nicolae_vaults_sightless_eye, st_lines, vaults_room_fancy_cross,
          nicolae_vaults_trapezoid_lopsided_1, v_misc_19,
          vaults_dpeg_emergency_exit, layout_vaults_chaotic_city
Vaults:3: nicolae_vaults_inception_corners, nicolae_vaults_wine_cellar,
          v_pattern_1, hangedman_vaults_corner_blocks,
          nicolae_vaults_more_shelving_2, dpeg_vaults_monster_box,
          nicolae_vaults_tetromino_Z_2, layout_vaults_omnigrid,
          minmay_crypt_entry_simple_statues, uniq_margery
Vaults:4: nicolae_vaults_shrinking_rooms_2, nicolae_vaults_double_plus_3,
          nicolae_vaults_house_3, serial_library_hellmonk_big_corner,
          ontoclasm_vaults_loading_screen, vaults_room_grid,
          vaults_room_hallway, v_misc_5, ontoclasm_vaults_pinch,
          nicolae_vaults_closet_pinwheel_4, nicolae_vaults_yaktaur_gun_rack,
          nicolae_vaults_little_squares_5, grunt_vaults_hallway_long,
          layout_vaults_big_cross, serial_shops, nicolae_shop_stone
Vaults:5: uniq_bai_suzhen
Crypt:1:  hangedman_staggered_hall, layout_chaotic_city, basic_altar,
          gammafunk_ghost_fury_of_okawaru
Crypt:2:  layout_rooms, basic_altar
Crypt:3:  evilmike_haunted_forest, uniq_khufu, uniq_xtahua
Tomb:1
Tomb:2
Tomb:3
Depths:1: layout_honeycomb, bloody_trog, hell_entry, nicolae_shop_self_help,
          uniq_boris, uniq_mara
Depths:2: grunt_deathspiral_small, layout_small_grid, enter_ziggurat_f,
          hell_entry, pan_entry, gammafunk_ghost_necromancy,
          infiniplex_staircase_split_hallway
Depths:3: nzn_winding_woodlands_large [nzn_winding_woodlands_5x5_default,
          nzn_winding_woodlands_5x15_sidewinder,
          nzn_winding_woodlands_5x5_perimeter,
          nzn_winding_woodlands_center_diamonds,
          nzn_winding_woodlands_15x15_thick_spiral,
          nzn_winding_woodlands_center_lodge, nzn_winding_woodlands_5x5_three,
          nzn_winding_woodlands_5x15_default,
          nzn_winding_woodlands_5x5_open_star], layout_long_grid, abyss_entry,
          chequers_serial_rivers_room_b, hell_entry, uniq_jory
Depths:4: evilmike_zot_entry_hall, layout_cave_shapes, hell_entry,
          minmay_misc_feat_five, serial_bayou, serial_bayou_lagoon_a,
          serial_bayou_ford_a, serial_bayou_lagoon_b, serial_bayou_shore_b
Hell
Dis:1:    hangedman_iron_city_apartments
Dis:2:    layout_subdivisions, nrook_loot_triangle, nicolae_dis_big_boring_drill
Dis:3:    nicolae_dis_hell_towers
Dis:4:    layout_regular_city
Dis:5:    layout_gridville, nicolae_hells_hurtin_island
Dis:6:    layout_regular_city
Dis:7:    iron_city_of_dis [dis_mu, dis_wall_5], layout_gridville,
          nicolae_dis_step_into_the_octagon
Geh:1:    layout_gehenna_pools_box
Geh:2:    layout_gehenna_pools_triple
Geh:3:    layout_gehenna_pools_box
Geh:4:    layout_gehenna_pools_box, special_room [special_room_morgue]
Geh:5:    layout_gehenna_lava_caves, nicolae_geh_amphitheater
Geh:6:    layout_gehenna_lava_caves
Geh:7:    geh_grunt
Coc:1:    layout_ice_bergs
Coc:2:    layout_ice_bergs
Coc:3:    layout_ice_bergs
Coc:4:    layout_ice_bergs
Coc:5:    layout_ice_bergs
Coc:6:    layout_ice_bergs
Coc:7:    coc_old
Tar:1:    layout_cathedral_of_symmetry
Tar:2:    layout_honeycomb, nicolae_tar_honey_rotating
Tar:3:    layout_cathedral_of_symmetry, nicolae_tar_cuneiform_city,
          nicolae_tar_cuneiform_water
Tar:4:    layout_grid_maze, nicolae_tar_cuneiform_oil, nicolae_tar_honey_chapel
Tar:5:    layout_grid_maze
Tar:6:    layout_grid_maze
Tar:7:    tar_old
Zot:1:    layout_gridlike, regret_index_zotdec_obsidian_hm, grunt_megastairs_5
Zot:2:    nicolae_zot_draconian_monastery, layout_misc_corridors
Zot:3:    layout_cathedral_of_symmetry, ebering_ghost_inner_flame,
          st_small_dragon_hoard_1, regret_index_zotdec_twisting_globes
Zot:4:    circus_mu, layout_cathedral_of_symmetry,
          hangedman_zot_decor_checkerboard, uniq_josephina, uniq_tiamat
Zot:5:    layout_onion

Skill      XL: |  1  2  3  4  5  6  7  8  9 10 11 12 13 14 15 16 17 18 19 20 21 22 23 24 25 26 27 |
---------------+----------------------------------------------------------------------------------+-----
Fighting       | 3 5 7 8 10 11 13 14 15 16 18 19 20 21 22 23 24 27 | 27.0
Maces & Flails | 4 5 6 8 10 11 12 14 15 16 17 18 19 20 21 22 23 27 | 27.0
Spellcasting   | 3 5 7 8 10 12 14 17 19 20 21 27 | 27.0
Translocations | 3 5 7 8 10 11 12 13 14 21 | 21.1
Invocations    | 3 5 7 8 10 11 12 13 16 | 16.6
Air Magic      | 1 4 |  4.4
Dodging        | 4 9 10 11 12 13 14 15 18 | 18.7
Armour         | 5 9 11 13 15 17 19 24 | 24.6
Throwing       | 2 27 | 27.0
Axes           | 11 | 11.3
Shapeshifting  | 23 | 23.3

Action                     |  1- 3 |  4- 6 |  7- 9 | 10-12 | 13-15 | 16-18 | 19-21 | 22-24 | 25-27 || total
---------------------------+-------+-------+-------+-------+-------+-------+-------+-------+-------++-------
  Melee: Mace              |   109 |    98 |    10 |   127 |       |       |       |       |       ||   344
         Headbutt          |    15 |    22 |    21 |   126 |   196 |   130 |   143 |   108 |   699 ||  1460
         Punch             |     1 |       |       |       |       |       |       |       |       ||     1
         Great sword       |       |       |    13 |       |       |       |       |       |       ||    13
         Giant club        |       |       |   124 |   495 |   910 |       |       |       |       ||  1529
         Giant spiked club |       |       |       |       |   251 |  1271 |  1506 |  1113 |  8111 || 12252
         Unarmed           |       |       |       |       |    16 |       |       |       |       ||    16
         Executioner's axe |       |       |       |       |       |       |       |       |    38 ||    38
         Demon whip        |       |       |       |       |       |       |       |       |    18 ||    18
  Throw: Stone             |       |       |    21 |       |       |       |       |       |       ||    21
         Dart              |       |       |     1 |       |     7 |       |       |     2 |     4 ||    14
         Boomerang         |       |       |    16 |    25 |    14 |       |       |       |       ||    55
         Throwing net      |       |       |       |       |     1 |     2 |       |       |     3 ||     6
         Large rock        |       |       |       |       |       |       |       |       |   188 ||   188
         Javelin           |       |       |       |       |       |       |       |       |    16 ||    16
   Cast: Lesser Beckoning  |     1 |     2 |     1 |     5 |    20 |    56 |    31 |    17 |    84 ||   217
         Blink             |       |       |     1 |     2 |     9 |    16 |     4 |     3 |    16 ||    51
         Manifold Assault  |       |       |       |    58 |   204 |   355 |   460 |   413 |  2856 ||  4346
         Vhi's Electric Ch |       |       |       |       |       |       |       |     1 |    95 ||    96
         Passage of Golubr |       |       |       |       |       |       |       |     1 |    31 ||    32
         Disjunction       |       |       |       |       |       |       |       |       |     1 ||     1
 Invoke: Heroism           |       |       |       |     7 |    15 |    27 |     8 |     9 |    26 ||    92
         Finesse           |       |       |       |     1 |     4 |     3 |     1 |     2 |    17 ||    28
         Receive Armour    |       |       |       |     1 |       |       |       |       |       ||     1
         Duel              |       |       |       |       |     2 |     4 |       |       |     4 ||    10
         Receive Weapon    |       |       |       |       |       |       |     1 |       |       ||     1
Ability: Begin Untransform |       |       |       |       |       |       |       |       |    10 ||    10
         Siphon Essence    |       |       |       |       |       |       |       |       |     1 ||     1
  Evoke: Wand              |     4 |     4 |    17 |    11 |    16 |     7 |     7 |    10 |    36 ||   112
         Phial of floods   |       |       |       |       |       |     1 |     1 |     1 |     1 ||     4
         Lightning rod     |       |       |       |       |       |       |       |     5 |     5 ||    10
         Figurine of a zig |       |       |       |       |       |       |       |       |     1 ||     1
    Use: Scroll            |       |       |     9 |     5 |    26 |    30 |    10 |     6 |    65 ||   151
         Potion            |       |       |     3 |     4 |     5 |    12 |     5 |     9 |    93 ||   131
   Stab: Sleeping          |     1 |       |     1 |       |       |       |       |       |       ||     2
         Distracted        |       |       |       |       |       |       |       |       |     4 ||     4
 Armour: Robe              |    52 |    57 |    86 |    30 |       |       |       |       |       ||   225
         Acid dragon scale |       |       |       |   316 |   646 |   291 |       |       |       ||  1253
         Skin              |       |       |       |       |     3 |       |       |       |   166 ||   169
         Swamp dragon scal |       |       |       |       |       |   377 |   777 |   502 |    29 ||  1685
         Gold dragon scale |       |       |       |       |       |       |       |       |  2991 ||  2991
         Shadow dragon sca |       |       |       |       |       |       |       |       |   863 ||   863
  Dodge: Dodged            |    45 |    43 |    74 |   348 |   344 |   478 |   459 |   205 |  1357 ||  3353
   Form: Death             |       |       |       |       |       |       |       |       |    10 ||    10
